 Dungeon Crawl Stone Soup version 0.31-a0-981-geadf994542 (webtiles) character file.

Game seed: 7485239326371481730

3 sokol815 the Shield-Bearer (level 1, 0/16 HPs)
             Began as an Octopode Fighter on Nov 2, 2023.
             Slain by a kobold
             ... wielding a +0 dagger
              (2 damage)
             ... on level 1 of the Dungeon.
             The game lasted 00:00:11 (26 turns).

sokol815 the Shield-Bearer (Octopode Fighter)         Turns: 26, Time: 00:00:12

Health: 0/16       AC:  1    Str: 15    XL:     1   Next: 50%
Magic:  1/1        EV: 13    Int: 10    God:
Gold:   0          SH:  4    Dex: 11    Spells: 0/0 levels left

rFire   . . .        a - +0 trident
rCold   . . .        b - +0 buckler
rNeg    . . .        (helmet restricted)
rPois   .            (no amulet)
rElec   .            (no ring)
rCorr   .            (no ring)
SInv    .            (no ring)
Will    .....        (no ring)
Stlth   ++           (no ring)
HPRegen 0.22/turn    (no ring)
MPRegen 0.07/turn    (no ring)
                     (no ring)

%: no passive effects
@: no status effects
A: almost no armour, amphibious, 8 rings, camouflage 1, gelatinous body 1,
(nimble swimmer 1), tentacles
a: no special abilities


You were on level 1 of the Dungeon.
You visited 1 branch of the dungeon, and saw 1 of its levels.

Inventory:

Hand Weapons
 a - a +0 trident (weapon)
Armour
 b - a +0 buckler (worn)
Potions
 M - a potion of might


   Skills:
 - Level 3.0 Fighting
 + Level 2.3 Polearms
 - Level 3.0 Dodging
 - Level 3.0 Shields


You couldn't memorise any spells.
You didn't know any spells.
Your spell library was empty.

Dungeon Overview and Level Annotations

Branches:
Dungeon (1/15) Zot: 5970

Altars:


Innate Abilities, Weirdness & Mutations

You cannot wear most types of armour.
You are amphibious.
You can wear up to eight rings at the same time.
Your skin changes colour to match your surroundings (Stealth+).
Your rubbery body absorbs attacks. (AC +1, EV +1)
((You are camouflaged when in or above water. (Stealth+)))
You have tentacles for arms and can constrict up to eight enemies at once.


Message History

Bad channel name 'Jiyva says' for runrest: 'Jiyva says: Divide and consume' Welcome, sokol815 the Octopode Fighter.
Will you be the one to retrieve the magnificent Orb of Zot from the depths?
Found a spear and a hand axe.
Found a staircase leading out of the dungeon.
Setting a skill training target for Polearms at 14.0.
You open the door.
A hobgoblin comes into view.
There is an open door here.
A ball python comes into view.
The ball python hisses angrily.
You hear a bark!
A jackal comes into view.
The jackal barks!
You hear a shout!
A jackal comes into view.
You reach to attack!
You completely miss the ball python. You barely miss the ball python.
You grab the ball python. You squeeze the ball python.
You kill the ball python!
You closely miss the jackal. Your grab misses the jackal.
The jackal closely misses you. You block the jackal's attack.
You closely miss the jackal. Your grab misses the jackal. The jackal bites you.
A kobold comes into view. It is wielding a +0 dagger.
The jackal bites you.
You take 4 damage, and have 12/16 hp.
MASSIVE DAMAGE!!
You miss the jackal. You grab the jackal.
You constrict the jackal, but do no damage.
The jackal bites you but does no damage.
The hobgoblin misses you. The jackal bites you.
You take 2 damage, and have 10/16 hp.
You hit the jackal. You constrict the jackal. The jackal barely misses you.
The hobgoblin hits you.
You take 5 damage, and have 5/16 hp.
MASSIVE DAMAGE!!
You release your grip on the jackal.
The hobgoblin barely misses you.
The jackal bites you but does no damage.
The jackal attacks as it pursues you! The jackal bites you.
* * * LOW HITPOINT WARNING * * *
You take 2 damage, and have 3/16 hp.
You hit the jackal but do no damage. You grab the jackal.
You constrict the jackal. The jackal barely misses you. The jackal bites you.
* * * LOW HITPOINT WARNING * * *
You take 2 damage, and have 1/16 hp.
You hit the jackal.
You kill the jackal!
You block the hobgoblin's attack.
You hit the hobgoblin. You grab the hobgoblin.
You constrict the hobgoblin, but do no damage.
You block the hobgoblin's attack.
You puncture the hobgoblin!
You kill the hobgoblin!
You closely miss the kobold. You grab the kobold. You constrict the kobold.
The kobold hits you with a +0 dagger.
You die...

###. .... ...## #...
###### #..
#######.#8.#
...###.##
#....).....#
#....†.###8..8..8...#
#.K@'.........<#
#####8..8..8...#
#...)..^...#
#######.#8.# ######


You could see a kobold.

Vanquished Creatures
  A hobgoblin (D:1)
  A jackal (D:1)
  A ball python (D:1)
3 creatures vanquished.

Notes
Turn   | Place    | Note
-------+----------+-------------------------------------------
     0 | D:1      | sokol815 the Octopode Fighter began the quest for the Orb.
     0 | D:1      | Reached XP level 1. HP: 16/16 MP: 1/1
    21 | D:1      | HP: 3/16 [jackal (3)]
    22 | D:1      | HP: 1/16 [jackal (2)]
    26 | D:1      | Slain by a kobold

Illustrated notes

Levels and vault maps discovered:
D:1:      elethiomel_arrival_quiet, layout_rooms

Action                     || total
---------------------------++-------
  Melee: Trident           ||    11
         Constrict         ||     5
         Tentacles         ||     1
 Armour: Skin              ||     9
  Dodge: Dodged            ||     5
  Block: Buckler           ||     3

Table legend: (Time is in decaauts)
 A = Elapsed time spent in this place.
 B = Non-inter-level travel time spent in this place.
 C = Inter-level travel time spent in this place.
 D = Time resting spent in this place.
 E = Time spent auto-exploring this place.
 F = Levels seen in this place.
 G = Mean time per level.
                   A        B        C        D        E       F      G
               +--------+--------+--------+--------+--------+-----+--------+
         Total |     28 |     28 |      0 |      0 |     10 |   1 |   28.0 |
       Dungeon |     28 |     28 |      0 |      0 |     10 |   1 |   28.0 |
               +--------+--------+--------+--------+--------+-----+--------+

Top non-repeatable levels by time:
     D:1: 28 daAuts

Levels and vault maps discovered:
D:1:      elethiomel_arrival_quiet, layout_rooms

Table legend: (Time is in decaauts)
 A = Elapsed time spent in this place.
 B = Non-inter-level travel time spent in this place.
 C = Inter-level travel time spent in this place.
 D = Time resting spent in this place.
 E = Time spent auto-exploring this place.
 F = Levels seen in this place.
 G = Mean time per level.
                   A        B        C        D        E       F      G
               +--------+--------+--------+--------+--------+-----+--------+
         Total |     28 |     28 |      0 |      0 |     10 |   1 |   28.0 |
       Dungeon |     28 |     28 |      0 |      0 |     10 |   1 |   28.0 |
               +--------+--------+--------+--------+--------+-----+--------+

Top non-repeatable levels by time:
     D:1: 28 daAuts

Table legend:
 A = Kills in this place as a percentage of kills in the entire game.
 B = Kills by you in this place as a percentage of kills by you in the entire game.
 C = Kills by friends in this place as a percentage of kills by friends in the entire game.
 D = Other kills in this place as a percentage of other kills in the entire game.
 E = Experience gained in this place as a percentage of experience gained in the entire game.
 F = Experience gained in this place divided by the number of levels of this place that you have seen.
                   A       B       C       D       E      F
               +-------+-------+-------+-------+-------+----------------------
         Total | 100.0 | 100.0 |   N/A |   N/A | 100.0 |   5.0
       Dungeon | 100.0 | 100.0 |   N/A |   N/A | 100.0 |   5.0
               +-------+-------+-------+-------+-------+----------------------
